Map: 2000 Atmospheres LE

Players

MaxPax - Winner!

  • Race: Protoss Protoss
  • League: Grandmaster

TLHarstem (Harstem)

  • Race: Protoss Protoss
  • League: Master

Event: DreamHack SC2 Masters Last Chance 2022

VOD

Have the link to the VOD?

Description

Time

  • Played on: Dec. 17, 2021, 1:10 p.m.
  • Length: 22:14

All games in this series

Show
View Real Time Build Order
Export as new Build Order

MaxPax Protoss - Winner!

Build Orders: Oracle Opening, Phoenix Opening 

Get SALT Encoding   

  12  0:00  Probe  
  13  0:12  Probe  
  14  0:19  Pylon  
  14  0:24  Probe  
  15  0:37  Probe (Chrono Boost)  
  15  0:38  Gateway  
  16  0:47  Assimilator  
  16  0:48  Probe (Chrono Boost)  
  17  0:52  Probe (Chrono Boost)  
  18  1:03  Probe  
  19  1:09  Assimilator  
  19  1:10  Pylon  
  19  1:15  Probe (Chrono Boost)  
  21  1:26  Cybernetics Core, Probe (Chrono Boost)  
  21  1:31  Probe (Chrono Boost)  
  24  1:39  Zealot  
  24  1:41  Probe  
  25  1:54  Probe  
  26  2:08  Sentry (Chrono Boost)  
  28  2:10  Nexus  
  28  2:13  Probe  
  29  2:17  Warp Gate  
  29  2:25  Probe  
  29  2:26  Pylon  
  30  2:33  Phoenix, Pylon  
  30  2:44  Shield Battery  
  30  2:50  Stalker  
  33  2:53  Stargate  
  33  2:55  Probe  
  32  3:07  Probe  
  32  3:08  Shield Battery  
  33  3:19  Probe (Chrono Boost)  
  34  3:23  Probe (Chrono Boost)  
  37  3:31  Probe (Chrono Boost)  
  37  3:32  Twilight Council  
  37  3:33  Probe (Chrono Boost)  
  37  3:36  Oracle, Probe (Chrono Boost)  
  37  3:38  Probe (Chrono Boost)  
  42  3:41  Stalker  
  42  3:45  Probe  
  45  3:49  Probe  
  45  3:52  Gateway  
  46  3:58  Probe  
  46  4:01  Probe, Forge  
  48  4:04  Blink (Chrono Boost)  
  48  4:10  Probe  
  48  4:13  Probe  
  50  4:20  Gateway  
  50  4:22  Probe  
  51  4:24  Pylon  
  51  4:25  Phoenix  
  51  4:26  Probe  
  51  4:30  Gateway  
  52  4:34  Stalker  
  54  4:46  Protoss Ground Weapons Level 1  
  54  4:49  Nexus  
  54  4:52  Stalker  
  56  4:54  Probe  
  56  4:55  Probe  
  58  5:04  Assimilator  
  58  5:06  Stalker, Probe  
  61  5:09  Pylon  
  61  5:21  Robotics Facility  
  61  5:26  Probe  
  61  5:27  Probe  
  61  5:28  Stalker x2  
  67  5:37  Adept  
  69  5:44  Adept, Pylon  
  70  6:00  Probe x2  
  70  6:02  Probe  
  73  6:06  Photon Cannon, Stalker x3  
  73  6:07  Stalker  
  81  6:12  Photon Cannon, Probe x2  
  81  6:13  Observer (Chrono Boost)  
  81  6:14  Probe  
  85  6:24  Probe x2  
  87  6:26  Probe  
  87  6:27  Pylon  
  88  6:36  Probe x2  
  88  6:38  Probe  
  87  6:49  Probe x2  
  87  6:53  Warp Prism (Chrono Boost), Gateway  
  85  6:56  Gateway, Protoss Ground Weapons Level 2 (Chrono Boost)  
  85  6:58  Stalker  
  85  6:59  Stalker x2, Gateway  
  85  7:00  Assimilator  
  93  7:01  Gateway  
  93  7:03  Probe  
  93  7:05  Probe  
  93  7:06  Probe  
  96  7:09  Pylon  
  96  7:12  Charge (Chrono Boost)  
  96  7:36  Probe  
  95  7:42  Stalker x2  
  95  7:43  Stalker x2  
  101  7:48  Nexus  
  101  7:49  Probe x2  
  101  7:51  Pylon  
  103  7:55  Zealot x3  
  109  7:59  Robotics Bay  
  109  8:02  Pylon  
  109  8:03  Pylon  
  109  8:11  Zealot x4  
  117  8:13  Photon Cannon  
  117  8:15  Pylon  
  117  8:16  Photon Cannon  
  117  8:20  Probe x3  
  117  8:26  Zealot x4  
  128  8:44  Probe  
  128  8:46  Stalker x5, Disruptor (Chrono Boost)  
  132  9:01  Probe  
  123  9:12  Probe  
  123  9:14  Probe, Disruptor (Chrono Boost)  
  118  9:17  Stalker x6  
  118  9:18  Stalker x2  
  118  9:19  Assimilator  
  118  9:21  Assimilator  
  118  9:23  Probe, Pylon  
  131  9:25  Shield Battery  
  131  9:26  Robotics Facility  
  131  9:27  Assimilator  
  131  9:28  Probe  
  132  9:33  Probe x2, Protoss Ground Weapons Level 3 (Chrono Boost)  
  132  9:35  Probe  
  132  9:37  Pylon  
  135  9:40  Probe  
  135  9:42  Assimilator  
  135  9:45  Probe x2  
  138  9:48  Disruptor (Chrono Boost)  
  138  9:50  Probe  
  141  10:01  Zealot x8  
  150  10:15  Probe  
  150  10:18  Disruptor  
  150  10:19  Observer  
  155  10:28  Gateway  
  155  10:29  Nexus  
  155  10:30  Pylon x2  
  155  10:31  Dark Shrine  
  155  10:34  Gateway  
  155  10:40  Disruptor (Chrono Boost)  
  155  10:48  Zealot x7  
  155  10:49  Zealot  
  164  10:54  Disruptor (Chrono Boost)  
  139  11:02  Probe  
  139  11:03  Probe  
  142  11:05  Photon Cannon  
  142  11:06  Shield Battery  
  142  11:08  Pylon  
  141  11:15  Disruptor (Chrono Boost)  
  141  11:17  Gravitic Boosters (Chrono Boost)  
  141  11:23  Gateway  
  141  11:25  Gateway, Disruptor (Chrono Boost)  
  141  11:28  Stalker  
  141  11:29  Stalker x6  
  130  11:43  Disruptor (Chrono Boost)  
  127  11:47  Stalker x3  
  127  11:51  Probe  
  127  11:52  Probe x2  
  136  11:57  Shadow Stride (Chrono Boost)  
  136  11:59  Stalker x6  
  146  12:06  Disruptor (Chrono Boost)  
  150  12:11  Probe x2  
  150  12:13  Observer (Chrono Boost)  
  148  12:27  Dark Templar  
  148  12:28  Dark Templar x5  
  148  12:29  Assimilator, Pylon  
  160  12:30  Assimilator  
  160  12:36  Stalker x2  
  164  12:42  Nexus  
  164  12:43  Pylon  
  164  12:54  Zealot x4, Observer (Chrono Boost)  
  165  12:59  Zealot x2  
  165  13:00  Stalker x5  
  165  13:01  Stalker  
  165  13:03  Observer (Chrono Boost), Probe  
  184  13:13  Protoss Shields Level 1 (Chrono Boost)  
  184  13:14  Observer (Chrono Boost)  
  184  13:20  Stalker x4  
  172  13:55  Dark Templar x8  
  171  13:56  Dark Templar  
  165  14:18  Observer  
  158  14:25  Observer  
  159  14:36  Dark Templar x5  
  159  14:37  Zealot x7  
  181  14:45  Disruptor  
  178  14:46  Disruptor  
  168  14:59  Zealot x7  
  176  15:02  Gateway  
  156  15:19  Disruptor (Chrono Boost)  
  156  15:20  Stalker x5  
  156  15:21  Stalker x3  
  156  15:22  Observer (Chrono Boost)  
  156  15:24  Probe  
  156  15:25  Probe  
  156  15:26  Probe  
  156  15:28  Assimilator  
  158  15:30  Shield Battery  
  158  15:31  Assimilator  
  158  15:34  Photon Cannon  
  158  15:38  Photon Cannon  
  158  15:39  Disruptor (Chrono Boost)  
  154  15:51  Disruptor (Chrono Boost)  
  154  15:53  Zealot x5  
  154  15:54  Zealot x7  
  155  16:09  Observer (Chrono Boost)  
  156  16:18  Photon Cannon  
  153  16:20  Dark Templar x3  
  153  16:23  Disruptor (Chrono Boost)  
  153  16:25  Disruptor (Chrono Boost)  
  165  16:27  Nexus  
  165  16:28  Nexus  
  165  16:30  Pylon x2  
  161  16:42  Zealot x2  
  161  16:43  Zealot x3  
  167  17:07  Nexus  
  167  17:08  Stalker x3  
  172  17:10  Pylon  
  172  17:12  Pylon  
  172  17:24  Observer (Chrono Boost)  
  172  17:29  Observer (Chrono Boost)  
  173  17:31  Nexus  
  173  17:32  Stalker x6, Pylon  
  185  17:50  Dark Templar x4  
  185  17:51  Pylon  
  165  18:15  Dark Templar  
  165  18:16  Dark Templar x5  
  167  18:32  Observer x2  
  155  18:47  Stalker x7  
  155  18:48  Stalker  
  163  18:56  Disruptor  
  148  19:13  Disruptor  
  130  19:21  Stalker  
  130  19:22  Stalker x9  
  150  19:32  Observer  
  150  19:41  Photon Cannon  
  150  19:45  Photon Cannon, Shield Battery  
  150  19:50  Observer  
  128  20:07  Observer  
  125  20:17  Zealot x3  
  125  20:18  Zealot x6  
  139  20:37  Probe  
  137  20:57  Stalker  
  137  20:58  Stalker x5  
  124  21:18  Photon Cannon  
  121  21:48  Stalker x4  
  121  21:49  Stalker x3  
Show
View Real Time Build Order
Export as new Build Order

TLHarstem Protoss 

Build Orders: Phoenix Opening, Blink Stalkers 

Get SALT Encoding   

  12  0:00  Probe  
  13  0:12  Probe  
  14  0:17  Pylon  
  14  0:25  Probe (Chrono Boost)  
  15  0:36  Gateway  
  15  0:38  Probe (Chrono Boost)  
  16  0:45  Probe (Chrono Boost)  
  16  0:48  Assimilator  
  17  0:52  Probe (Chrono Boost)  
  17  0:57  Assimilator  
  19  1:04  Probe (Chrono Boost)  
  19  1:08  Gateway  
  19  1:13  Probe (Chrono Boost)  
  19  1:18  Probe  
  20  1:24  Cybernetics Core  
  21  1:30  Probe  
  22  1:36  Pylon  
  22  1:42  Probe  
  23  2:01  Stalker x2  
  26  2:03  Warp Gate  
  27  2:08  Probe  
  27  2:14  Pylon  
  28  2:21  Probe  
  29  2:36  Probe  
  30  2:46  Nexus  
  30  2:47  Sentry  
  31  2:52  Probe  
  32  3:02  Twilight Council  
  32  3:04  Probe  
  33  3:10  Stalker  
  35  3:16  Probe  
  36  3:21  Phoenix  
  36  3:28  Probe, Pylon  
  36  3:30  Blink (Chrono Boost)  
  37  3:40  Probe  
  38  3:52  Probe  
  39  3:58  Stalker  
  39  4:00  Probe  
  42  4:05  Probe  
  43  4:11  Nexus  
  43  4:13  Probe  
  43  4:17  Probe  
  45  4:23  Stalker  
  47  4:25  Probe  
  47  4:26  Sentry  
  47  4:29  Pylon  
  50  4:33  Probe  
  50  4:37  Probe  
  52  4:41  Dark Shrine  
  52  4:45  Probe  
  53  4:49  Probe  
  54  4:53  Stalker  
  54  4:55  Pylon  
  54  4:57  Probe  
  57  5:00  Stalker  
  57  5:01  Probe  
  60  5:08  Robotics Facility  
  60  5:09  Probe  
  60  5:11  Assimilator  
  62  5:18  Stalker  
  63  5:21  Gateway  
  63  5:22  Probe  
  63  5:23  Probe  
  65  5:28  Stalker  
  65  5:32  Forge  
  65  5:35  Probe (Chrono Boost)  
  68  5:37  Shield Battery  
  68  5:39  Probe (Chrono Boost)  
  68  5:41  Stalker  
  71  5:45  Probe (Chrono Boost)  
  71  5:47  Probe (Chrono Boost)  
  74  5:51  Probe (Chrono Boost)  
  74  5:54  Probe (Chrono Boost)  
  74  5:55  Probe (Chrono Boost)  
  72  5:58  Stalker, Probe (Chrono Boost)  
  72  5:59  Probe (Chrono Boost), Protoss Ground Weapons Level 1 (Chrono Boost)  
  72  6:00  Probe  
  75  6:06  Stalker  
  75  6:09  Probe  
  75  6:10  Observer (Chrono Boost), Probe  
  80  6:14  Probe, Shield Battery  
  81  6:18  Stalker  
  81  6:21  Probe  
  81  6:22  Robotics Bay, Probe  
  81  6:24  Gateway  
  85  6:28  Stalker  
  85  6:29  Probe  
  88  6:34  Stalker  
  88  6:35  Pylon  
  88  6:39  Probe (Chrono Boost)  
  89  6:43  Probe x2 (Chrono Boost)  
  89  6:45  Stalker  
  89  6:51  Probe (Chrono Boost)  
  90  6:54  Stalker  
  90  6:57  Probe x2 (Chrono Boost)  
  90  6:58  Probe (Chrono Boost)  
  90  7:00  Assimilator  
  93  7:04  Assimilator  
  93  7:05  Pylon  
  93  7:08  Gateway x2  
  93  7:15  Nexus  
  93  7:18  Pylon  
  93  7:20  Disruptor (Chrono Boost)  
  93  7:23  Probe x3  
  93  7:25  Photon Cannon  
  93  7:27  Stalker  
  93  7:28  Pylon  
  101  7:34  Shield Battery  
  101  7:36  Probe x2  
  103  7:40  Probe  
  104  7:44  Stalker  
  104  7:45  Stalker  
  104  7:48  Probe, Shield Battery  
  109  7:53  Stalker, Protoss Ground Weapons Level 2 (Chrono Boost)  
  109  7:54  Probe  
  109  7:55  Probe  
  113  8:01  Disruptor (Chrono Boost)  
  116  8:09  Probe  
  116  8:10  Pylon  
  116  8:12  Probe  
  116  8:13  Photon Cannon  
  116  8:14  Pylon  
  116  8:16  Pylon  
  116  8:17  Photon Cannon, Probe  
  117  8:21  Robotics Facility  
  117  8:23  Photon Cannon, Charge (Chrono Boost)  
  117  8:29  Stalker x2  
  117  8:30  Disruptor (Chrono Boost)  
  117  8:33  Zealot  
  124  8:37  Stalker x2  
  120  8:55  Stalker x2  
  120  8:56  Stalker  
  120  9:01  Zealot x2  
  120  9:02  Observer (Chrono Boost)  
  123  9:04  Probe  
  124  9:18  Probe  
  124  9:19  Photon Cannon  
  125  9:25  Shield Battery  
  125  9:28  Stalker x4  
  133  9:31  Stalker  
  135  9:39  Nexus, Disruptor (Chrono Boost)  
  135  9:41  Photon Cannon  
  138  9:47  Assimilator  
  138  9:51  Pylon  
  136  9:58  Zealot x3  
  134  10:14  Zealot x2  
  134  10:15  Probe  
  134  10:18  Disruptor  
  134  10:19  Disruptor  
  134  10:21  Probe  
  145  10:22  Stalker x2  
  149  10:32  Protoss Ground Weapons Level 3  
  147  10:43  Probe  
  147  10:45  Stalker x3  
  141  11:02  Zealot x2  
  141  11:03  Probe  
  146  11:04  Dark Shrine  
  146  11:05  Probe x3  
  146  11:06  Gateway x2  
  146  11:09  Stalker x3, Gateway  
  155  11:11  Photon Cannon  
  155  11:19  Probe  
  155  11:21  Pylon  
  155  11:22  Pylon x2  
  156  11:35  Disruptor (Chrono Boost)  
  156  11:39  Probe x2  
  158  11:43  Stalker x5  
  158  11:44  Disruptor (Chrono Boost)  
  171  11:58  Probe  
  172  12:02  Photon Cannon  
  172  12:03  Zealot  
  172  12:06  Assimilator, Disruptor (Chrono Boost)  
  172  12:07  Zealot  
  172  12:08  Pylon  
  179  12:10  Assimilator  
  179  12:13  Probe, Shadow Stride (Chrono Boost)  
  180  12:18  Pylon x2  
  180  12:19  Pylon  
  180  12:21  Pylon  
  180  12:23  Nexus, Pylon  
  180  12:33  Gravitic Boosters (Chrono Boost)  
  180  12:34  Dark Templar  
  180  12:37  Dark Templar  
  180  12:38  Dark Templar x3  
  188  12:49  Disruptor  
  188  12:53  Disruptor  
  189  13:00  Zealot x3  
  195  13:10  Probe  
  194  13:18  Dark Templar  
  194  13:19  Zealot x2  
  200  13:22  Observer  
  194  13:34  Dark Templar x3  
  194  13:40  Observer x2  
  182  13:45  Probe  
  182  13:46  Probe x3  
  179  13:57  Probe  
  179  13:58  Probe x3  
  179  14:00  Probe  
  180  14:09  Probe  
  181  14:16  Stalker x7  
  181  14:17  Stalker  
  186  14:19  Disruptor  
  185  14:26  Probe x2  
  185  14:27  Disruptor  
  190  14:34  Probe x2  
  190  14:35  Pylon  
  190  14:42  Stalker x3  
  182  14:59  Dark Templar  
  174  15:12  Dark Templar  
  171  15:14  Observer (Chrono Boost)  
  171  15:19  Zealot x6  
  171  15:20  Probe (Chrono Boost)  
  166  15:22  Probe x3 (Chrono Boost)  
  160  15:31  Shield Battery  
  160  15:32  Photon Cannon, Probe (Chrono Boost)  
  160  15:34  Pylon  
  159  15:36  Probe x3 (Chrono Boost)  
  159  15:37  Pylon  
  159  15:38  Probe (Chrono Boost)  
  144  15:44  Probe  
  144  15:46  Zealot x4, Dark Templar  
  147  15:53  Zealot x3  
  148  16:01  Probe x2 (Chrono Boost)  
  148  16:03  Photon Cannon, Probe (Chrono Boost)  
  147  16:09  Photon Cannon  
  147  16:11  Probe (Chrono Boost)  
  146  16:15  Probe (Chrono Boost)  
  149  16:19  Probe x2 (Chrono Boost)  
  149  16:20  Zealot x8  
  149  16:23  Observer x2, Probe x2 (Chrono Boost)  
  169  16:28  Photon Cannon  
  169  16:30  Photon Cannon  
  169  16:31  Photon Cannon  
  169  16:32  Pylon  
  169  16:33  Pylon  
  169  16:34  Photon Cannon  
  149  17:01  Zealot x6  
  149  17:02  Zealot x2  
  149  17:05  Disruptor  
  149  17:07  Probe  
  167  17:10  Shield Battery  
  167  17:15  Shield Battery  
  167  17:16  Probe  
  167  17:19  Assimilator  
  167  17:21  Disruptor (Chrono Boost)  
  167  17:27  Stalker  
  169  17:30  Probe  
  169  17:32  Assimilator  
  169  17:33  Zealot x4, Pylon  
  169  17:34  Zealot x3  
  173  18:02  Zealot x4  
  173  18:04  Zealot  
  173  18:05  Zealot x2  
  179  18:12  Observer  
  176  18:15  Stalker  
  176  18:17  Observer, Probe  
  176  18:18  Probe x3  
  175  18:29  Probe  
  171  18:38  Zealot x8  
  148  19:12  Zealot x7  
  115  19:25  Dark Templar  
  117  19:35  Zealot x6  
  113  20:06  Dark Templar  
  111  20:07  Zealot x4  
  113  20:18  Zealot  
  115  20:26  Zealot x2  
  114  20:45  Zealot x2  
  106  21:06  Stalker x3  
  111  21:15  Zealot  
  113  21:18  Probe  
  110  21:36  Stalker x2  
  110  21:39  Probe  
  113  21:51  Robotics Facility  

Tags
 
Add a new tag
Caveats
  • Supply blocks, unpowered buildings, or Contaminate may cause inaccurate times.
  • Supply counts are checked every 10 seconds.